 Dungeon Crawl Stone Soup version 0.28.0-53-g5a82cb258f (webtiles) character file.

Game seed: 13865651360882095035

5927 unlimited1921 the Thaumaturge (level 11, -2/67 HPs)
             Began as a Djinni Fire Elementalist on July 14, 2022.
             Was a Follower of Fedhas.
             Slain by a wight
             ... wielding a +4 flail of freezing
              (14 damage)
             ... on level 9 of the Dungeon.
             The game lasted 00:48:54 (19222 turns).

unlimited1921 the Thaumaturge (DjFE)               Turns: 19222, Time: 00:48:56

Health: -2/67      AC:  7    Str:  7    XL:     11   Next: 9%
Gold:   694        EV: 12    Int: 21    God:    Fedhas [*.....] SH:  0 Dex: 14

rFire   + + +      SeeInvis .   I - +1 short sword (drain)
rCold   x . .      Faith    .   (no shield)
rNeg    . . .      Spirit   .   s - +3 leather armour of Prudence {rF+}
rPois   ∞          Reflect  .   (no helmet)
rElec   .          Harm     .   E - +0 cloak
rCorr   .          Rampage  .   (no gloves)
Will    +....                   (boots unavailable)
Stlth   ++........              (no amulet)
HPRegen 0.21/turn               (no ring)
MPRegen 0.00/turn               (no ring)

@: confusing by touch, flying
A: sickness immunity, fire resistance 2, cold vulnerability 1, float, innate
caster, HP casting, extra vitality 1
a: Renounce Religion


You were on level 9 of the Dungeon.
You worshipped Fedhas.
Fedhas was aware of your devotion.
You visited 2 branches of the dungeon, and saw 10 of its levels.

You collected 694 gold pieces.

Inventory:

Hand Weapons
 c - a +1 vorpal flail
 d - a +0 hand axe
 h - a +0 war axe
 u - a +0 hand crossbow
 C - a +0 long sword
 G - a +0 quarterstaff
 H - a +4 scimitar of freezing
 I - a +1 short sword of draining (weapon)
Missiles
 f - 144 bolts
 g - 330 stones
 o - 8 boomerangs
 t - 3 javelins
 y - 2 throwing nets
 z - 6 curare-tipped darts
 A - 3 atropa-tipped darts
 K - 8 poisoned darts
Armour
 s - the +3 leather armour of Prudence (worn) {rF+}
   (You found it on level 4 of the Dungeon)

   rF:        It protects you from fire.
 E - a +0 cloak (worn)
Jewellery
 j - an amulet of faith
Wands
 J - a wand of mindburst (7)
Scrolls
 a - 3 scrolls of magic mapping {unknown}
 b - 3 scrolls of fog {unknown}
 i - a scroll of enchant weapon {unknown}
 n - a scroll of torment {unknown}
 v - a scroll of summoning {unknown}
 w - 4 scrolls of teleportation
 B - 4 scrolls of immolation {unknown}
 D - a scroll of acquirement
Potions
 e - 3 potions of cancellation
 k - a potion of lignification
 m - 3 potions of curing {unknown}
 p - a potion of haste
 q - a potion of might
 r - a potion of brilliance
 x - 3 potions of heal wounds {unknown}
 F - a potion of invisibility


   Skills:
 + Level 1.0 Fighting
 + Level 0.1 Short Blades
 + Level 4.0 Armour
 + Level 2.8 Dodging
 + Level 3.9 Stealth
 + Level 11.6 Spellcasting


You had 7 spell levels left.
You knew the following spells:

 Your Spells              Type           Power      Damage    Failure   Level
a - Foxfire               Conj/Fire      100%       2x1d9     1%          1
b - Scorch                Fire           100%       2d10      1%          2
c - Conjure Flame         Conj/Fire      57%        6-21      1%          3
d - Inner Flame           Hex/Fire       57%        N/A       1%          3
e - Flame Wave            Conj/Fire      57%        2d11      1%          4
f - Shock                 Conj/Air       100%       1d9       1%          1
g - Searing Ray           Conj           100%       2d8       1%          2
h - Mephitic Cloud        Conj/Pois/Air  57%        N/A       1%          3
i - Confusing Touch       Hex            57%        N/A       1%          3
j - Anguish               Hex/Necr       28%        N/A       1%          4
Your spell library was empty.

Dungeon Overview and Level Annotations

Branches:
Dungeon (9/15)             Temple (1/1) D:7
   Lair: D:8-11         Orc: D:9-12

Altars:
Ashenzari
Cheibriados
Elyvilon
Fedhas
Gozag
Hepliaklqana
Kikubaaqudgha
Makhleb
Nemelex Xobeh
Okawaru
Qazlal
Ru
Sif Muna
Trog
Vehumet
Yredelemnul
The Shining One

Shops:
D:2 [


Innate Abilities, Weirdness & Mutations

You are immune to sickness and miasma.
You are immune to poison.
Your flesh is very heat resistant. (rF++)
You are vulnerable to cold. (rC-)
You float through the air rather than walking.
You learn spells naturally, not from books.
Your magical power is your life essence.
You have superior vitality. (+4 MHP)


Message History

You closely miss the troll. Your punch misses the troll.
The troll is almost dead.
The orc wizard points at you and mumbles some strange words.
You resist with almost no effort. The troll bites you!
The troll is wracked by anguish!
The troll dies!
Fedhas appreciates your contribution to the ecosystem.
The troll leather armour is intact enough to wear.
The wight hits you with a +4 flail of freezing.
The wight freezes you.
Your Fighting skill increases to level 1!
Your Armour skill increases to level 4!
The orc wizard casts a spell at you. The magic dart hits you.
* * * LOW HITPOINT WARNING * * *
There is an open door here.
There is an open door here.
Things that are here:
a scroll of amnesia; a +0 whip
There is an open door here.
You see here a +0 short sword.
Things that are here:
a +0 short sword; a kobold skeleton
Casting: Anguish (dangerous; 1% risk of failure)
Confirm with . or Enter, or press ? or * to list all spells.
Your hands begin to glow red.
* * * LOW HITPOINT WARNING * * *
The wight hits you with a +4 flail of freezing.
* * * LOW HITPOINT WARNING * * *
The wight freezes you.
* * * LOW HITPOINT WARNING * * *
Casting: Confusing Touch (safe; 1% risk of failure)
Confirm with . or Enter, or press ? or * to list all spells.
Casting: Anguish (dangerous; 1% risk of failure)
Press: ? - help, Dir - look around, f - activate The wight is haunted by guilt!
* * * LOW HITPOINT WARNING * * *
The wight hits you with a +4 flail of freezing!
You die...
Fedhas appreciates your contribution to the ecosystem.

...)..# #...........
......####...........
......#..'...........
......#.##...........
..[...'.##...........
......####.?.).......
####### #..)).......
##)#########
#...)z@...# ########
#########.# .......###
######'### .......'.##
#........# .......#..##
#.^......# .......##..#
#........#
.......###.###........#
.......# #..##........#
.......# ##..#........#


You could see a wight (anguished).

Vanquished Creatures
  2 two-headed ogres
  A cyclops (D:8)
  Maurice (D:8)
  Joseph (D:7)
  A hornet (D:6)
  3 water moccasins (D:7)
  3 ice beasts
  2 orc warriors
  2 sky beasts
  A necrophage (D:7)
  2 ogres (D:6)
  3 centaurs
  A phantom (D:6)
  A kobold brigand (D:9)
  2 bullfrogs
  A wyvern zombie (D:5)
  4 scorpions
  A water moccasin zombie (D:6)
  4 wights
  2 howler monkeys
  A bullfrog zombie (D:6)
  4 centaur zombies
  3 orc priests
  A jelly (D:6)
  A hound (D:6)
  A gnoll shaman (D:6)
  Jessica (D:2)
  2 iguanas (D:5)
  5 orc wizards
  A killer bee zombie (D:6)
  2 hound skeletons
  17 gnolls
  4 adders
  A shadow imp (D:7)
  A white imp (D:6)
  An adder skeleton (D:4)
  A worm (D:3)
  2 dart slugs (D:4)
  18 orcs
  10 endoplasms
  6 giant cockroaches
  21 hobgoblins
  2 jackals (D:1)
  12 kobolds
  3 quokkas
  8 ball pythons
  7 bats
  3 frilled lizards
  40 goblins
  4 rats
221 creatures vanquished.

Vanquished Creatures (collateral kills)
  3 foxfires (D:1)
3 creatures vanquished.

Vanquished Creatures (others)
  A troll (D:9)
  An orc (D:9)
  669 foxfires
671 creatures vanquished.

Grand Total: 895 creatures vanquished

Notes
Turn   | Place    | Note
-------+----------+-------------------------------------------
     0 | D:1      | unlimited1921 the Djinni Fire Elementalist began the quest
                  | for the Orb.
     0 | D:1      | Reached XP level 1. HP: 15/15 MP: 0/0
   663 | D:1      | Reached XP level 2. HP: 16/21 MP: 0/0
  1121 | D:1      | Reached skill level 3 in Spellcasting
  1382 | D:1      | Reached XP level 3. HP: 22/25 MP: 0/0
  1382 | D:1      | Learned a level 1 spell: Shock
  1843 | D:1      | Found a faded altar of an unknown god.
  3057 | D:2      | Noticed Jessica
  3064 | D:2      | Killed Jessica
  3065 | D:2      | Reached XP level 4. HP: 27/31 MP: 0/0
  3122 | D:2      | Found Faneph's Antique Armour Shop.
  4512 | D:2      | Reached XP level 5. HP: 33/35 MP: 0/0
  4512 | D:2      | Learned a level 2 spell: Searing Ray
  4925 | D:3      | Reached skill level 4 in Spellcasting
  5717 | D:3      | Identified the +1 pair of boots of Indemnity {Harm Str+3}
  6719 | D:4      | Identified the +3 leather armour of Prudence {rF+}
  6725 | D:4      | Reached XP level 6. HP: 36/40 MP: 0/0
  7715 | D:4      | Reached skill level 5 in Spellcasting
  8702 | D:5      | Entered Level 5 of the Dungeon
  8787 | D:5      | Reached XP level 7. HP: 37/45 MP: 0/0
  8787 | D:5      | Learned a level 3 spell: Mephitic Cloud
  9082 | D:5      | Found a stormy altar of Qazlal.
  9133 | D:5      | Found a snail-covered altar of Cheibriados.
  9448 | D:5      | Reached skill level 1 in Armour
 10509 | D:5      | Reached skill level 6 in Spellcasting
 11305 | D:5      | Reached XP level 8. HP: 23/50 MP: 0/0
 12625 | D:6      | Noticed a hornet
 12632 | D:6      | Killed a hornet
 12987 | D:6      | Reached skill level 7 in Spellcasting
 13333 | D:6      | Reached XP level 9. HP: 32/55 MP: 0/0
 13333 | D:6      | Learned a level 3 spell: Confusing Touch
 13837 | D:6      | Reached skill level 8 in Spellcasting
 14862 | D:7      | Found an iron altar of Okawaru.
 14904 | D:7      | Noticed a two-headed ogre
 14909 | D:7      | Killed a two-headed ogre
 14910 | D:7      | Reached skill level 9 in Spellcasting
 15032 | D:7      | Found a staircase to the Ecumenical Temple.
 15062 | Temple   | Entered the Ecumenical Temple
 15216 | Temple   | Became a worshipper of Fedhas Madash
 15806 | D:7      | Noticed Joseph
 15816 | D:7      | Killed Joseph
 15817 | D:7      | Reached XP level 10. HP: 23/61 MP: 0/0
 16057 | D:6      | Identified a scroll of acquirement
 16316 | D:7      | Reached skill level 10 in Spellcasting
 16874 | D:8      | Noticed a two-headed ogre
 17198 | D:8      | Noticed a cyclops
 17227 | D:8      | Killed a cyclops
 17395 | D:8      | Reached * piety under Fedhas
 17761 | D:8      | Found a sparkling altar of Nemelex Xobeh.
 17795 | D:8      | Killed a two-headed ogre
 17796 | D:8      | Reached skill level 11 in Spellcasting
 18224 | D:8      | Noticed Maurice
 18233 | D:8      | Killed Maurice
 18234 | D:8      | Reached XP level 11. HP: 50/66 MP: 0/0
 18234 | D:8      | Learned a level 4 spell: Anguish
 19194 | D:9      | Found a broken altar of Ashenzari.
 19205 | D:9      | Reached skill level 1 in Fighting
 19222 | D:9      | Slain by a wight

Illustrated notes

Levels and vault maps discovered:
D:1:      minmay_arrival_hallway, layout_loops_ring, basic_ecumenical_altar,
          st_stairs_5, chequers_serial_rivers_micro_d, serial_bayou_pond_a
D:2:      layout_loops_ring, serial_shops, nicolae_square_shop,
          minmay_tetromino_o4, uniq_jessica
D:3:      layout_basic
D:4:      cheibrodos_quashed, layout_basic, item_on_display_a
D:5:      minmay_goblin_kobold_castle, layout_basic, kennysheep_little_box,
          mainiacjoe_overflow_catwalk
D:6:      layout_loops_ring, hangedman_decor_peaks_small,
          kennysheep_windowed_goal
D:7:      layout_gridville, old_standard_altar, minmay_temple_entry_arrows,
          chequers_serial_rivers_room_a, hangedman_abyss_or_decor_stabs,
          minmay_between, uniq_joseph
D:8:      layout_cave_pools, nemelex_spade_bored_becter, marbit_many_paths,
          minmay_microvault, uniq_maurice
D:9:      layout_roguey, gammafunk_temple_overflow_elements,
          chequers_temple_overflow_statue_of_worship
Temple:   jpeg_temple_island

Skill      XL: |  1  2  3  4  5  6  7  8  9 10 11 |
---------------+----------------------------------+-----
Spellcasting   | 3 4 5 6 7 9 11 | 11.6
Stealth        | 2 3 |  3.9
Armour         | 2 3 4 |  4.0
Fighting       | 1 |  1.0
Short Blades   | |  0.1
Dodging        | |  2.8

Action                   |  1- 3 |  4- 6 |  7- 9 | 10-12 || total
-------------------------+-------+-------+-------+-------++-------
Melee: Hand axe          |       |       |     3 |       ||     3
       Short sword       |       |       |       |     6 ||     6
 Cast: Foxfire           |    70 |    86 |   168 |    66 ||   390
       Inner Flame       |       |    15 |    32 |    25 ||    72
       Scorch            |       |    20 |    57 |    18 ||    95
       Mephitic Cloud    |       |       |     4 |     9 ||    13
       Anguish           |       |       |       |     5 ||     5
       Confusing Touch   |       |       |       |     1 ||     1
  Use: Scroll            |       |       |       |    10 ||    10
       Potion            |       |       |       |     1 ||     1
Armor: Robe              |       |     1 |       |       ||     1
       Leather armour    |       |     1 |    13 |    12 ||    26
Dodge: Dodged            |     2 |     2 |    38 |    14 ||    56
